 Dungeon Crawl Stone Soup version 0.31-a0-437-g7cee417757 (webtiles) character file.

Game seed: 2836578351107158326

439 Ethylacetat the Insei (level 7, 0/38 HPs)
             Began as a Vine Stalker Monk on Aug 2, 2023.
             Succumbed to a water moccasin's poison
             ... on level 3 of the Dungeon.
             The game lasted 00:07:36 (2895 turns).

Ethylacetat the Insei (Vine Stalker Monk)           Turns: 2895, Time: 00:07:37

Health: 0/38       AC:  6    Str: 14      XL:     7   Next: 1%
Magic:  8/8        EV: 15    Int:  7 (10) God:
Gold:   173        SH:  0    Dex: 23 (24) Spells: 6/6 levels left

rFire   . . .        j - +1 dagger (venom)
rCold   . . .        c - orb {light}
rNeg    . . .        a - +0 robe
rPois   .            (no helmet)
rElec   .            (no cloak)
rCorr   .            (no gloves)
SInv    .            (no boots)
Will    .....        (no amulet)
Stlth   +            h - +4 ring of protection
HPRegen 1.06/turn    v - +6 ring of dexterity
MPRegen 0.11/turn

%: guardian spirit
@: mighty, brilliant, lethally poisoned (0 -> -4), hasted, glowing, very quick
A: fangs 2, regeneration 1, magic shield, antimagic bite, no potion heal 2
a: no special abilities


You were on level 3 of the Dungeon.
You visited 1 branch of the dungeon, and saw 3 of its levels.
You also visited: Sewer.

You collected 173 gold pieces.

Inventory:

Hand Weapons
 j - a +1 dagger of venom (weapon)
 w - a +1 long sword of flaming
Missiles
 d - 5 curare-tipped darts
Armour
 a - a +0 robe (worn)
 c - an orb of light (worn)
Jewellery
 g - a ring of willpower
 h - a +4 ring of protection (left hand)
 v - a +6 ring of dexterity (right hand)
Scrolls
 e - a scroll of acquirement {unknown}
 f - a scroll of torment {unknown}
 i - 3 scrolls of enchant armour {unknown}
 k - 2 scrolls of teleportation {unknown}
 l - a scroll of vulnerability {unknown}
 m - a scroll of blinking {unknown}
 p - a scroll of silence {unknown}
 q - a scroll of revelation {unknown}
 u - a scroll of immolation {unknown}
 x - a scroll of fog {unknown}
Potions
 b - a potion of ambrosia
 o - a potion of degeneration
 r - a potion of might


   Skills:
 + Level 4.6 Fighting
 + Level 4.1 Dodging
 + Level 5.0 Unarmed Combat


You had 6 spell levels left.
You didn't know any spells.
Your spell library was empty.

Dungeon Overview and Level Annotations

Branches:
Dungeon (3/15)              Sewer (visited)

Altars:
Cheibriados
Vehumet

Shops:
D:1 ?   D:2 ?(

Annotations:
D:3 1 transporter


Innate Abilities, Weirdness & Mutations

You have extremely sharp teeth.
Your natural rate of healing is unusually fast.
When hurt, damage is shared between your health and your magic reserves.
Your bite disrupts and absorbs the magic of your enemies.
Potions cannot restore your health.


Message History

You feel sick.
The water moccasin completely misses you.
The adder bites you but does no damage. The water moccasin barely misses you.
You hit the water moccasin.
The water moccasin is lightly wounded.
You feel sick. The adder completely misses you.
The water moccasin closely misses you.
You puncture the water moccasin!
The water moccasin is heavily wounded.
You feel sick. The adder closely misses you.
The water moccasin barely misses you. The adder bites you.
You are more poisoned.
The adder poisons you!
You puncture the water moccasin!
The water moccasin is almost dead.
You feel sick. The water moccasin misses you. The water moccasin bites you.
* * * LOW HITPOINT WARNING * * *
You are lethally poisoned!
The water moccasin poisons you! The adder barely misses you.
You closely miss the water moccasin. You bite the water moccasin.
You kill the water moccasin!
* * * LOW HITPOINT WARNING * * *
You feel very sick. The adder bites you.
* * * LOW HITPOINT WARNING * * *
You feel your strength returning.
Your life force feels restored.
Your Dodging skill increases to level 4!
Your Unarmed Combat skill increases to level 5!
You have reached level 7!
It was a potion of haste.
You feel yourself speed up.
* * * LOW HITPOINT WARNING * * *
You feel very sick. The adder closely misses you.
The orc hits you but does no damage.
It was a potion of brilliance.
You feel clever all of a sudden.
* * * LOW HITPOINT WARNING * * *
You feel sick. The adder closely misses you. The orc closely misses you.
An orc comes into view. It is wielding a +0 falchion.
It was a potion of magic.
Magic courses through your body.
You die...

#....._..#
#.#.#
#.......⌠###
#.#.#
#.......'..##
#.#.#
#.......##..#
#...#
#.......###.#
#####
#########
#.### .
#...## #.
###..###
#...@o.#
#.###S)#
#.#.))......(
# #..#...####
#.. ....# ##'
#.#... ..
.##### .. o#
... .#


You could see an adder and 2 orcs.

Vanquished Creatures
  A water moccasin (D:3)
  An orc priest (D:3)
  Natasha (D:3)
  3 orc wizards (D:3)
  5 adders
  4 gnolls (D:3)
  3 river rats
  6 worms
  A dart slug (D:2)
  An orc (D:3)
  5 bats
  11 endoplasms
  2 giant cockroaches (D:3)
  3 goblins
  7 hobgoblins
  3 jackals (D:2)
  A quokka (D:3)
  8 ball pythons
  2 frilled lizards
  12 kobolds
  8 rats
88 creatures vanquished.

Vanquished Creatures (others)
  2 jackals (D:3)
2 creatures vanquished.

Grand Total: 90 creatures vanquished

Notes
Turn   | Place    | Note
-------+----------+-------------------------------------------
     0 | D:1      | Ethylacetat the Vine Stalker Monk began the quest for the
                  | Orb.
     0 | D:1      | Reached XP level 1. HP: 11/11 MP: 2/2
    68 | D:1      | Found The Oracle's Delphic Readings.
   385 | D:1      | Reached XP level 2. HP: 15/16 MP: 3/3
   963 | D:2      | Found Imoesk's Magic Scroll Boutique.
  1152 | D:2      | Reached XP level 3. HP: 8/20 MP: 4/4
  1227 | D:2      | Found Pimijit's Antique Weapon Shop.
  1845 | D:3      | Found a glowing drain.
  1873 | D:3      | Gained mutation: Your natural rate of healing is unusually
                  | fast. [Vine Stalker growth]
  1873 | D:3      | Reached XP level 4. HP: 5/24 MP: 2/5
  1889 | Sewer    | Entered a sewer
  2200 | Sewer    | Reached skill level 4 in Unarmed Combat
  2200 | Sewer    | Reached XP level 5. HP: 28/28 MP: 6/6
  2660 | D:3      | Found a snail-covered altar of Cheibriados.
  2662 | D:3      | Noticed Natasha
  2683 | D:3      | Killed Natasha
  2708 | D:3      | Reached XP level 6. HP: 17/33 MP: 7/7
  2761 | D:3      | Found a transporter.
  2806 | D:3      | Found a radiant altar of Vehumet.
  2832 | D:3      | Found a faded altar of an unknown god.
  2877 | D:3      | Noticed a water moccasin
  2892 | D:3      | Killed a water moccasin
  2893 | D:3      | Reached skill level 5 in Unarmed Combat
  2893 | D:3      | Reached XP level 7. HP: 4/38 MP: 1/8
  2894 | D:3      | HP: 1/38 [poisoned by a water moccasin]
  2895 | D:3      | Succumbed to a water moccasin's poison

Illustrated notes

Levels and vault maps discovered:
D:1:      dpeg_arrival_arbitrary_c, layout_basic, nicolae_nh_oracle_at_delphi
D:2:      layout_basic, serial_shops, nicolae_shop_competitors_out_of_business,
          shop_coins
D:3:      layout_basic, fiery_altar_vehumet, cheibriados_altar_1,
          ebering_ecumenical_altar_abandoned, gammafunk_ghost_arena,
          portal_sewer_entry_b, uniq_natasha

Skill      XL: |  1  2  3  4  5  6 |
---------------+-------------------+-----
Fighting       | 3 4 |  4.6
Dodging        | 3 4 |  4.1
Unarmed Combat | 4 5 |  5.0

Action                     |  1- 3 |  4- 6 |  7- 9 || total
---------------------------+-------+-------+-------++-------
  Melee: Unarmed           |    34 |       |       ||    34
         Bite              |    22 |    61 |       ||    83
         Dagger            |    50 |   173 |       ||   223
    Use: Potion            |       |     2 |     3 ||     5
 Armour: Robe              |     6 |    30 |     1 ||    37
  Dodge: Dodged            |    51 |   137 |     3 ||   191

Table legend: (Time is in decaauts)
 A = Elapsed time spent in this place.
 B = Non-inter-level travel time spent in this place.
 C = Inter-level travel time spent in this place.
 D = Time resting spent in this place.
 E = Time spent auto-exploring this place.
 F = Levels seen in this place.
 G = Mean time per level.
                   A        B        C        D        E       F      G
               +--------+--------+--------+--------+--------+-----+--------+
         Total |   3044 |   3015 |     29 |     27 |   2338 |   4 |  761.0 |
       Dungeon |   2282 |   2253 |     29 |     27 |   1811 |   3 |  760.7 |
         Sewer |    761 |    761 |      0 |      0 |    527 |   1 |  761.0 |
               +--------+--------+--------+--------+--------+-----+--------+

Top non-repeatable levels by time:
     D:1: 921 daAuts
     D:2: 874 daAuts
   Sewer: 761 daAuts
     D:3: 487 daAuts
